Map: Incorporeal LE

Players

Bunny

  • Race: Terran Terran
  • Spawn Location: 11:00

Classic - Winner!

  • Race: Protoss Protoss
  • Spawn Location: 5:00

Event: DreamHack Dallas 2025

VOD

Have the link to the VOD?

Description

Time

  • Played on: May 24, 2025, 3:45 p.m.
  • Length: 8:32

All games in this series

Show
View Real Time Build Order
Export as new Build Order

Bunny Terran 

Build Orders:  

Get SALT Encoding   

  12  0:00  SCV  
  13  0:12  SCV  
  14  0:17  Supply Depot  
  14  0:24  SCV  
  15  0:38  SCV  
  15  0:40  Barracks  
  15  0:42  Refinery  
  16  0:50  SCV  
  17  1:02  SCV  
  18  1:14  SCV  
  19  1:27  Orbital Command  
  20  1:35  Command Center  
  20  1:38  Marine  
  20  1:49  Factory  
  20  1:53  SCV  
  21  2:01  Bunker  
  21  2:03  Barracks Reactor  
  21  2:07  SCV  
  22  2:13  Supply Depot  
  22  2:19  SCV  
  22  2:21  Refinery  
  23  2:34  SCV  
  24  2:39  Starport  
  24  2:43  Hellion  
  26  2:45  Hellion  
  26  2:47  SCV  
  29  2:54  Orbital Command  
  29  3:00  Marine, SCV  
  29  3:05  Widow Mine  
  33  3:08  Widow Mine  
  36  3:12  SCV  
  36  3:16  Medivac  
  39  3:20  SCV  
  39  3:24  SCV  
  39  3:26  Widow Mine  
  42  3:30  Widow Mine  
  42  3:32  Supply Depot  
  44  3:34  Barracks Tech Lab  
  44  3:36  SCV  
  44  3:38  SCV  
  46  3:47  Starport Tech Lab  
  46  3:51  Barracks  
  46  3:54  SCV x2  
  46  3:55  Supply Depot  
  48  4:02  Marine x2  
  50  4:05  Siege Tank  
  50  4:06  SCV  
  54  4:12  Refinery  
  54  4:15  Supply Depot  
  54  4:17  SCV  
  55  4:18  SCV  
  55  4:22  Marine x2  
  54  4:29  SCV  
  54  4:30  SCV  
  54  4:33  Raven  
  54  4:35  Engineering Bay  
  54  4:38  Barracks  
  54  4:40  Marine x2  
  54  4:43  SCV x2  
  58  4:47  Siege Tank  
  61  4:54  Refinery, Supply Depot  
  61  4:55  SCV x2  
  61  4:57  Marine  
  61  4:58  Marine  
  63  5:02  Terran Infantry Weapons Level 1  
  61  5:07  SCV x2  
  61  5:08  Supply Depot  
  63  5:14  Stimpack  
  63  5:15  Marine x2  
  63  5:16  Marine  
  63  5:17  Starport Reactor  
  63  5:20  SCV  
  63  5:21  SCV  
  68  5:26  Supply Depot  
  68  5:30  Factory Reactor  
  68  5:32  Supply Depot  
  68  5:34  Marauder x2  
  68  5:35  Combat Shield  
  72  5:36  Marine  
  72  5:37  Marine  
  72  5:40  SCV x2  
  76  5:49  Supply Depot  
  74  5:53  SCV x2  
  74  5:54  Marine, Medivac x2  
  74  5:55  Marine  
  74  5:56  Marauder  
  84  5:59  Marauder  
  86  6:07  Widow Mine x2  
  89  6:11  Marine  
  89  6:13  Marine  
  89  6:17  Marauder  
  93  6:21  Marauder  
  93  6:24  Supply Depot, Medivac  
  93  6:25  Medivac  
  99  6:29  Marine  
  99  6:30  Marine  
  101  6:41  Marauder  
  101  6:42  Marauder  
  101  6:47  Marine, Widow Mine x2  
  109  6:48  Marine  
  109  6:50  Command Center  
  109  6:53  SCV x2  
  113  6:54  Medivac  
  113  6:55  Medivac  
  113  6:57  Concussive Shells  
  117  7:16  Barracks  
  117  7:17  Marauder, Barracks  
  117  7:19  Marine  
  118  7:28  Supply Depot x2  
  118  7:40  Marine  
  118  7:41  Marauder x2, Widow Mine  
  118  7:44  Marine  
  112  7:46  Widow Mine  
  112  7:50  Viking  
  117  7:57  Marine  
  118  8:00  SCV x2  
  118  8:02  Marauder, Widow Mine  
  118  8:03  Marauder, Marine  
Show
View Real Time Build Order
Export as new Build Order

Classic Protoss - Winner!

Build Orders: 1 Gate Expand, Blink Stalkers 

Get SALT Encoding   

  12  0:00  Probe  
  13  0:12  Probe  
  14  0:16  Pylon  
  14  0:24  Probe  
  15  0:32  Probe  
  15  0:35  Gateway  
  15  0:40  Probe  
  16  0:46  Assimilator  
  17  0:51  Probe  
  18  1:03  Probe  
  19  1:15  Probe  
  20  1:21  Cybernetics Core  
  20  1:33  Nexus  
  20  1:40  Pylon  
  20  1:43  Probe  
  21  1:47  Assimilator, Stalker  
  21  1:55  Probe  
  24  2:02  Warp Gate  
  24  2:07  Probe  
  25  2:13  Stalker  
  25  2:19  Probe  
  28  2:31  Probe  
  28  2:32  Twilight Council  
  29  2:41  Probe x2, Stalker  
  30  2:49  Probe x2  
  33  2:53  Blink  
  33  2:58  Probe  
  35  3:00  Probe  
  37  3:10  Probe  
  37  3:12  Probe  
  39  3:17  Gateway  
  39  3:22  Probe  
  39  3:24  Probe  
  39  3:26  Pylon  
  41  3:34  Robotics Facility  
  41  3:37  Probe x2  
  43  3:49  Probe x2  
  43  3:51  Sentry  
  47  3:57  Nexus  
  47  4:01  Pylon  
  47  4:06  Assimilator  
  47  4:07  Probe x2  
  49  4:11  Stalker  
  49  4:16  Stalker  
  53  4:24  Observer  
  54  4:34  Probe x2  
  54  4:35  Gateway  
  54  4:37  Forge  
  56  4:39  Pylon  
  56  4:46  Probe  
  56  4:47  Probe  
  58  4:57  Observer  
  58  4:59  Probe x2  
  61  5:05  Charge  
  61  5:06  Gateway  
  61  5:08  Gateway  
  61  5:09  Gateway, Probe  
  61  5:11  Probe x2, Protoss Ground Weapons Level 1  
  61  5:13  Robotics Bay  
  64  5:17  Shield Battery  
  64  5:18  Probe  
  64  5:19  Probe x2  
  64  5:26  Probe  
  64  5:27  Probe x2  
  70  5:36  Gateway  
  70  5:39  Probe x2  
  70  5:40  Probe  
  70  5:41  Gateway  
  73  5:46  Pylon  
  73  5:49  Assimilator  
  73  5:52  Stalker x3  
  73  5:54  Probe  
  80  5:58  Pylon  
  80  5:59  Pylon  
  80  6:04  Stalker x2  
  80  6:06  Colossus  
  90  6:23  Nexus  
  90  6:24  Pylon  
  90  6:30  Zealot x4  
  90  6:31  Sentry  
  100  6:39  Zealot x3  
  106  6:41  Pylon  
  106  6:44  Shield Battery  
  105  6:51  Colossus  
  105  6:56  Zealot x3  
  117  7:05  Pylon  
  117  7:06  Pylon  
  117  7:11  Zealot x2  
  117  7:12  Zealot x2  
  121  7:23  Zealot x4  
  121  7:27  Pylon  
  121  7:29  Pylon  
  129  7:34  Zealot x2  
  133  7:37  Colossus  
  133  7:44  Zealot x5  
  129  8:04  Zealot x7  
  143  8:09  Zealot  
  145  8:16  Probe x3  
Tags
 
Add a new tag
Caveats
  • Supply blocks, unpowered buildings, or Contaminate may cause inaccurate times.
  • Supply counts are checked every 10 seconds.